 Dungeon Crawl Stone Soup version 0.24.1-14-gf8d2b509d9 (webtiles) character file.

Game seed: 11729995340097632799, levelgen mode: deterministic

1122 Iusername the Shield-Bearer (level 8, -6/68 HPs)
             Began as a Minotaur Fighter on Aug 23, 2022.
             Mangled by an ogre
             ... wielding a +0 giant club
              (21 damage)
             ... on level 5 of the Dungeon.
             The game lasted 00:10:42 (4158 turns).

Iusername the Shield-Bearer (Minotaur Fighter)      Turns: 4158, Time: 00:10:42

Health: -6/68      AC:  8    Str: 21    XL:     8   Next: 12%
Magic:  7/7        EV:  9    Int:  5    God:
Gold:   399        SH: 12    Dex: 12    Spells: 7/7 levels left

rFire    . . .     SeeInvis .   t - +4 falchion
rCold    . . .     Gourm    .   x - +1 shield
rNeg     . . .     Faith    .   b - +0 scale mail
rPois    .         Spirit   .   (helmet restricted)
rElec    .         Reflect  .   (no cloak)
rCorr    .         Harm     .   (no gloves)
MR       .....                  w - +0 pair of boots
Stlth    ..........             z - amulet of magic regeneration
HPRegen  0.21/turn              (no ring)
MPRegen  0.35/turn              (no ring)

@: about to teleport
A: retaliatory headbutt, horns 2
a: no special abilities


You were on level 5 of the Dungeon.
You were very hungry.

You visited 1 branch of the dungeon, and saw 5 of its levels.

You collected 399 gold pieces.

Inventory:

Hand Weapons
 a - a +0 trident
 t - a +4 falchion (weapon)
Missiles
 q - 3 boomerangs (quivered)
Armour
 b - a +0 scale mail (worn)
 w - a +0 pair of boots (worn)
 x - a +1 shield (worn)
Jewellery
 z - an amulet of magic regeneration (around neck)
Wands
 g - a wand of acid (6)
 s - a wand of iceblast (12)
Scrolls
 d - a scroll of identify
 e - 2 scrolls of teleportation
 i - a scroll of blinking {unknown}
 k - 2 scrolls of remove curse
 l - a scroll of fog
Potions
 c - a potion of agility {unknown}
 h - a potion of ambrosia {unknown}
 j - a potion of mutation {unknown}
 m - a potion of haste {unknown}
 p - 2 potions of flight
 r - 2 potions of brilliance {unknown}
 v - a potion of magic {unknown}
Comestibles
 f - 7 rations


   Skills:
 + Level 5.1 Fighting
 + Level 4.1 Long Blades
 + Level 5.1 Polearms
 + Level 6.2 Armour
 + Level 3.0 Dodging
 + Level 0.7 Stealth
 + Level 7.1 Shields


You had 7 spell levels left.
You didn't know any spells.
Your spell library contained the following spells:

 Spells                   Type           Power        Failure   Level  Hunger
 Beastly Appendage        Tmut           #.....       98%         1    ##.....
 Sticks to Snakes         Tmut           #.......     99%         2    ###....
 Spider Form              Tmut/Pois      #.........   100%        3    ####...
 Ice Form                 Ice/Tmut       #.......     100%        4    #####..
 Blade Hands              Tmut           #.........   100%        5    ######.


Dungeon Overview and Level Annotations

Branches:
Dungeon (5/15)
 Temple: D:4-7

Altars:
Gozag
Nemelex Xobeh
Okawaru
Sif Muna

Annotations:
D:5 Pikel


Innate Abilities, Weirdness & Mutations

You reflexively headbutt those who attack you in melee.
You have a pair of horns on your head.


Message History

A magic dart appears from out of thin air!
The magic dart hits you but does no damage.
The orc completely misses you. The orc wizard barely misses you.
You slash the ogre! You headbutt the ogre.
The ogre is moderately wounded.
You block the ogre's attack.
The phantom blinks!
The orc wizard mumbles some strange words.
The orc wizard blinks!
An orc wizard comes into view. It is wielding a +0 dagger.
Something hits you but does no damage.
The orc wizard miscasts a cantrip.
You block the orc's attack. The orc closely misses you.
Unknown command.
Unknown command.
The orc wizard shouts!
You hit the orc wizard. You headbutt the orc wizard!
You kill the orc wizard!
Something hits you but does no damage.
The ogre hits you with a +0 giant club!!
You die...

#..........p...
#........K..... ..#
#.............. ..#
.....#..<..##### ..#
.#.#.....§.....# #.#
#....o......# #.#
#...........####### #.#
... #....§..o.oO.......
#.# ... .......o.=o)@#
#.# .... ##.....o....{o#
####.# ....
............O#
#....#....# o.........#
#....#....#
<...##....#####
#.........#
#..###.##)....#
#....##...#
#._#....#.###.####))..##
..#
#.#.#..#.##....)......#
.#
#...#.##.##.....⌠.⌠...#
#


You could see 2 ogres, an orc wizard and 6 orcs.

Vanquished Creatures
  Grinder (D:4)
  Duvessa (D:4)
  A sky beast (D:5)
  A phantom (D:4)
  An ogre (D:2)
  Dowan (D:4)
  A centaur zombie (D:5)
  A bullfrog skeleton (D:4)
  A hound (D:4)
  2 orc priests
  3 orc wizards (D:5)
  A worker ant (D:4)
  Robin (D:4)
  2 gnolls
  8 adders
  3 oozes
  A worm (D:3)
  A dart slug (D:1)
  4 leopard geckos
  9 orcs
  2 ball pythons
  7 bats
  3 giant cockroaches
  17 goblins
  7 hobgoblins
  10 jackals
  8 kobolds
  A quokka (D:3)
  5 frilled lizards
  A leopard gecko skeleton (D:4)
  3 rats
108 creatures vanquished.

Notes
Turn   | Place    | Note
-------+----------+-------------------------------------------
     0 | D:1      | Iusername the Minotaur Fighter began the quest for the Orb.
     0 | D:1      | Reached XP level 1. HP: 19/19 MP: 0/0
    95 | D:1      | Reached XP level 2. HP: 25/27 MP: 1/1
   195 | D:1      | Reached skill level 4 in Shields
  1027 | D:2      | Reached XP level 3. HP: 32/33 MP: 2/2
  1260 | D:2      | Reached XP level 4. HP: 40/40 MP: 3/3
  1737 | D:2      | Noticed an ogre
  1747 | D:2      | Killed an ogre
  1747 | D:2      | Reached skill level 1 in Dodging
  1747 | D:2      | Reached skill level 5 in Shields
  1747 | D:2      | Reached XP level 5. HP: 17/46 MP: 4/4
  2418 | D:3      | Found an iron altar of Okawaru.
  3183 | D:4      | Found a sand-covered staircase.
  3201 | D:4      | Found an opulent altar of Gozag.
  3312 | D:4      | Reached skill level 5 in Armour
  3312 | D:4      | Reached XP level 6. HP: 53/53 MP: 5/5
  3387 | D:4      | Noticed Duvessa
  3390 | D:4      | Noticed Dowan
  3398 | D:4      | Killed Duvessa
  3398 | D:4      | Reached skill level 1 in Long Blades
  3402 | D:4      | Killed Dowan
  3402 | D:4      | Reached skill level 5 in Polearms
  3658 | D:4      | Reached XP level 7. HP: 46/60 MP: 6/6
  3807 | D:4      | Noticed Grinder
  3813 | D:4      | Paralysed by Grinder for 6 turns
  3824 | D:4      | Paralysed by Grinder for 3 turns
  3835 | D:4      | Paralysed by Grinder for 3 turns
  3853 | D:4      | Killed Grinder
  3853 | D:4      | Reached skill level 6 in Shields
  3867 | D:4      | Noticed Robin
  3880 | D:4      | Killed Robin
  3996 | D:4      | Reached skill level 5 in Fighting
  4040 | D:5      | Entered Level 5 of the Dungeon
  4040 | D:5      | Noticed Pikel
  4046 | D:5      | Found a sparkling altar of Nemelex Xobeh.
  4079 | D:5      | Reached XP level 8. HP: 57/68 MP: 7/7
  4102 | D:5      | Reached skill level 7 in Shields
  4111 | D:5      | Found a shimmering blue altar of Sif Muna.
  4158 | D:5      | Mangled by an ogre

Levels and vault maps discovered:
D:1:      evilmike_arrival_crescent, layout_rooms, serial_glass,
          glass_columns_a, glass_columns_a
D:2:      layout_basic
D:3:      layout_basic, okawaru_altar_gauntlet_db, minmay_door_square
D:4:      layout_gridville, enter_ossuary_3, first_ration,
          grunt_gozag_breadcrumbs, uniq_duvessa, uniq_grinder, uniq_robin
D:5:      layout_basic, marbit_many_paths, overflow_temple_1_default,
          nemelex_xobeh_ov_fountains_minmay, nicolae_overflow_hidden_temple,
          temple_hall, uniq_pikel, uniq_menkaure, uniq_edmund

Skill      XL: |  1  2  3  4  5  6  7  8 |
---------------+-------------------------+-----
Fighting       | 4 5 |  5.1
Armour         | 4 5 6 |  6.2
Shields        | 4 5 6 7 |  7.1
Polearms       | 3 4 5 |  5.1
Dodging        | 1 2 3 |  3.0
Long Blades    | 2 3 4 |  4.1
Stealth        | |  0.7

Action                   |  1- 3 |  4- 6 |  7- 9 || total
-------------------------+-------+-------+-------++-------
Melee: Trident           |    62 |   100 |       ||   162
       Headbutt          |    13 |    22 |    14 ||    49
       Falchion          |       |    69 |    83 ||   152
  Use: Potion            |       |     2 |     5 ||     7
       Scroll            |       |    12 |     2 ||    14
  Eat: Chunk             |       |     4 |     2 ||     6
       Ration            |       |     1 |       ||     1
Armor: Scale mail        |    18 |    59 |    48 ||   125
Dodge: Dodged            |    21 |    50 |    30 ||   101
Block: Shield            |    36 |    90 |    67 ||   193
       Rpst.: Falchion   |       |    12 |    10 ||    22
